 Dungeon Crawl Stone Soup version 0.31.0-1-g2c135a008e (webtiles) character file.

Game seed: 9624432557623000318

208 qw the Shooter (level 6, -2/46 HPs)
             Began as a Djinni Hunter on Jan 24, 2024.
             Slain by a gnoll
             ... wielding a +0 spear
             ... led by a gnoll bouda
              (5 damage)
             ... on level 4 of the Dungeon.
             The game lasted 00:00:12 (3106 turns).

qw the Shooter (Djinni Hunter)                      Turns: 3106, Time: 00:00:12

Health: -2/46      AC:  7    Str: 10    XL:     6   Next: 11%
Gold:   622        EV: 13    Int: 10    God:
                   SH:  0    Dex: 25

rFire   + + .        m - +4 arbalest "Spiderbane" {drain, ^Contam Dex+6}
rCold   . . .        (shield currently unavailable)
rNeg    . . .        h - +3 leather armour {rC+}
rPois   inf          (no helmet)
rElec   .            c - +0 cloak
rCorr   .            (no gloves)
SInv    .            (boots unavailable)
Will    .....        (no amulet)
Stlth   ++           (no ring)
HPRegen 0.27/turn    (no ring)
MPRegen 0.00/turn

%: infuse magic (-3 HP)
@: weakened, flying
A: sickness immunity, fire resistance 2, cold vulnerability 1, float, innate
caster, HP casting, extra vitality 1
a: no special abilities


You were on level 4 of the Dungeon.
You visited 1 branch of the dungeon, and saw 4 of its levels.

You collected 1369 gold pieces.
You spent 747 gold pieces at shops.


Innate Abilities, Weirdness & Mutations

You are immune to sickness and miasma.
You are immune to poison.
Your flesh is very heat resistant. (rF++)
You are vulnerable to cold. (rC-)
You float through the air rather than walking.
You learn spells naturally, not from books.
Your magical power is your life essence.
You have superior vitality. (+4 MHP)


   Skills:
 - Level 3.1 Fighting
 - Level 4.8 Ranged Weapons
 - Level 1.0 Armour
 + Level 3.2 Dodging
 - Level 0.7 Stealth


You knew the following spells:

 Your Spells              Type           Power      Damage    Failure   Level
a - Shock                 Conj/Air       0%         1d3       45%         1
b - Lesser Beckoning      Tloc           0%         N/A       61%         2
Your spell library was empty.

Inventory:

Hand Weapons
 m - the +4 arbalest "Spiderbane" (weapon) {drain, ^Contam Dex+6}
   (You bought it in a shop on level 3 of the Dungeon)

   Dex+6:     It affects your dexterity (+6).
   ^Contam:   It causes magical contamination when unequipped.
Armour
 c - a +0 cloak (worn)
 h - a +3 leather armour of cold resistance (worn)
Scrolls
 a - a scroll of brand weapon
 b - 2 scrolls of identify
 n - 2 scrolls of teleportation
Potions
 f - a potion of might
 l - a potion of resistance
 p - a potion of curing

Dungeon Overview and Level Annotations

Branches:
Dungeon (4/15)
 Temple: D:4-7

Altars:
Fedhas

Shops:
D:1 (   D:3 ::?([


Message History

The gnoll shouts!
The gnoll is severely wounded.
The gnoll shouts! x2; The gnoll bouda shouts!
The kobold shouts!
The gnoll bouda barks out a call to the hunt!
The gnolls pick up the pace!
You shoot a bolt. The bolt hits the gnoll!!
You kill the gnoll!
The gnoll barely misses you.
The gnoll hits you from afar with a +0 halberd.
Your Dodging skill increases to level 3!
You shoot a bolt. The bolt hits the gnoll!
You kill the gnoll!
The gnoll hits you from afar with a +0 spear.
You shoot a bolt. The bolt hits the kobold!
You kill the kobold!
The gnoll hits you from afar with a +0 spear.
The gnoll bouda gazes fiercely through you!
You feel your attacks grow feeble. The gnoll hits you but does no damage.
You shoot a bolt. The bolt barely misses the gnoll bouda.
The gnoll closely misses you.
The gnoll bouda gazes fiercely through you!
You feel as though you will be weak longer.
The gnoll bouda hits you with a +0 whip!
The gnoll hits you but does no damage.
The gnoll bouda hits you with a +0 whip.
You shoot a bolt.
The bolt hits the gnoll bouda but does no damage.
The gnoll closely misses you.
The gnoll bouda hits you with a +0 whip!
The gnoll hits you from afar with a +0 spear.
You shoot a bolt. The bolt barely misses the gnoll bouda.
The gnoll bouda hits you but does no damage.
The gnoll hits you but does no damage.
The gnoll bouda hits you with a +0 whip!
You shoot a bolt. The bolt barely misses the gnoll bouda.
The gnoll hits you but does no damage.
The gnoll bouda hits you with a +0 whip!
The gnoll hits you from afar with a +0 spear.
You die...

.######## #..#..[.# .
........# .. ......# ...
.....# .... #...# .....
##############...#g.....
#...............@g).....
#....[...........#......
'................# .....
##...##.##..##...# ....
##########..##...#######
.#.....................#
.'.....................#
.#.....................#
##....########...#######


You could see a gnoll bouda and a gnoll (swift).

Vanquished Creatures
  A bombardier beetle (D:3)
  An orc wizard (D:3)
  2 gnolls (D:4)
  3 adders
  A shadow imp (D:4)
  2 ribbon worms
  A dart slug (D:1)
  4 orcs (D:3)
  4 endoplasms
  6 giant cockroaches
  7 goblins
  6 hobgoblins
  7 jackals (D:1)
  7 kobolds
  A quokka (D:4)
  9 ball pythons
  2 bats
  8 frilled lizards
  14 rats
86 creatures vanquished.

Notes
Turn   | Place    | Note
-------+----------+-------------------------------------------
     0 | D:1      | qw the Djinni Hunter began the quest for the Orb.
     0 | D:1      | Reached XP level 1. HP: 18/18 MP: 0/0
     0 | D:1      | 0 ||| qw: Version: 0.3-a-136-gdd3b4e8
     0 | D:1      | 0 ||| qw: Game counter: 1395
     0 | D:1      | 0 ||| qw: Melee chars always use a shield: true
     0 | D:1      | 0 ||| qw: God list: Okawaru
     0 | D:1      | 0 ||| qw: Allow faded altars: false
     0 | D:1      | 0 ||| qw: Do Orc after clearing Dungeon:15 true
     0 | D:1      | 0 ||| qw: Do second Lair branch before Depths: true
     0 | D:1      | 0 ||| qw: Lair rune preference: random
     0 | D:1      | 0 ||| qw: Goals: Normal
     0 | D:1      | 0 ||| PLANNING D:1-11
    64 | D:1      | Found Naetrihi's Weapon Shop.
   192 | D:1      | Reached XP level 2. HP: 23/23 MP: 0/0
   470 | D:1      | Reached skill level 4 in Ranged Weapons
   470 | D:1      | Reached XP level 3. HP: 28/28 MP: 0/0
   470 | D:1      | Learned a level 1 spell: Shock
   952 | D:1      | 952 ||| UPGRADING to +0 ring mail.
   962 | D:1      | 962 ||| DROPPING +0 leather armour.
   963 | D:1      | 963 ||| READING scroll labelled FYCINW OJUAR.
   963 | D:1      | Identified a scroll of acquirement
   963 | D:1      | 963 ||| ACQUIRING 1115 gold pieces
   963 | D:1      | Acquired 1115 gold pieces
   965 | D:1      | 965 ||| READING 3 scrolls labelled GIERIX USAOGE.
   965 | D:1      | 965 ||| BRANDING +0 shortbow.
   966 | D:1      | 966 ||| READING 2 scrolls of brand weapon.
   966 | D:1      | 966 ||| BRANDING +0 shortbow of electrocution.
   967 | D:1      | 967 ||| READING scroll of brand weapon.
   967 | D:1      | 967 ||| BRANDING +0 shortbow of freezing.
   968 | D:1      | 968 ||| DROPPING scroll of butterflies.
  1054 | D:2      | Found a blossoming altar of Fedhas.
  1138 | D:2      | Reached skill level 1 in Armour
  1219 | D:2      | Noticed a great orb of eyes
  1224 | D:2      | Noticed a great orb of eyes
  1227 | D:2      | Found a faded altar of an unknown god.
  1231 | D:2      | Reached XP level 4. HP: 34/34 MP: 0/0
  1235 | D:2      | HP: 8/34 [frozen (6)]
  1338 | D:2      | Noticed a great orb of eyes
  1338 | D:2      | Noticed an eye of devastation
  1373 | D:2      | Reached skill level 3 in Fighting
  1513 | D:2      | 1513 ||| READING scroll labelled ERAOMI CUECUT.
  1513 | D:2      | 1513 ||| IDENTIFYING bubbling clear potion
  1514 | D:2      | 1514 ||| DROPPING potion of degeneration.
  1531 | D:3      | 1531 ||| PLANNING SEWER
  1574 | D:3      | Reached XP level 5. HP: 40/40 MP: 0/0
  1574 | D:3      | Learned a level 2 spell: Lesser Beckoning
  1597 | D:3      | Found Hoiq's Antique Armour Emporium.
  1606 | D:3      | 1606 ||| BUYING cloak (144 gold).
  1606 | D:3      | Bought a cloak for 144 gold pieces
  1606 | D:3      | 1606 ||| BUYING runed leather armour (160 gold).
  1606 | D:3      | Bought a runed leather armour for 160 gold pieces
  1924 | D:3      | Found Hyup's Antique Weapon Emporium.
  1927 | D:3      | 1927 ||| BUYING ancient arbalest (228 gold).
  1927 | D:3      | Bought an ancient arbalest for 228 gold pieces
  1927 | D:3      | Identified the +4 arbalest "Spiderbane" {drain, ^Contam
                  | Dex+6} (You bought it in a shop on level 3 of the Dungeon)
  1927 | D:3      | 1927 ||| SWAPPING to +4 arbalest "Spiderbane" {drain,
                  | ^Contam Dex+6}.
  1928 | D:3      | 1928 ||| DROPPING +0 heavy shortbow.
  1931 | D:3      | Found Biets's Magic Scroll Shoppe.
  1937 | D:3      | 1937 ||| BUYING scroll of brand weapon (95 gold).
  1937 | D:3      | Bought a scroll of brand weapon for 95 gold pieces
  1937 | D:3      | 1937 ||| BUYING scroll of identify (20 gold).
  1937 | D:3      | Bought a scroll of identify for 20 gold pieces
  1937 | D:3      | 1937 ||| BUYING scroll of identify (20 gold).
  1937 | D:3      | Bought a scroll of identify for 20 gold pieces
  1937 | D:3      | 1937 ||| BUYING scroll of identify (20 gold).
  1937 | D:3      | Bought a scroll of identify for 20 gold pieces
  1937 | D:3      | 1937 ||| BUYING scroll of teleportation (30 gold).
  1937 | D:3      | Bought a scroll of teleportation for 30 gold pieces
  1937 | D:3      | 1937 ||| BUYING scroll of teleportation (30 gold).
  1937 | D:3      | Bought a scroll of teleportation for 30 gold pieces
  1946 | D:3      | Found Fomero's Book Emporium.
  1956 | D:3      | Found Xugeafao's Book Emporium.
  2169 | D:3      | 2169 ||| RIP SEWER
  2255 | D:3      | 2255 ||| PLANNING D:1-11
  2644 | D:3      | 2644 ||| UPGRADING to +0 cloak.
  2649 | D:3      | 2649 ||| UPGRADING to +3 leather armour of cold resistance.
  2659 | D:3      | 2659 ||| DROPPING +0 ring mail.
  2660 | D:3      | 2660 ||| READING 4 scrolls of identify.
  2660 | D:3      | 2660 ||| IDENTIFYING puce potion
  2661 | D:3      | 2661 ||| READING 3 scrolls of identify.
  2661 | D:3      | 2661 ||| IDENTIFYING grey potion
  2662 | D:3      | 2662 ||| READING 2 scrolls of identify.
  2662 | D:3      | 2662 ||| IDENTIFYING lumpy dark potion
  2663 | D:3      | 2663 ||| READING scroll of identify.
  2663 | D:3      | 2663 ||| IDENTIFYING ruby potion
  2664 | D:3      | 2664 ||| READING scroll labelled MUFEOPP BUCUWAUS.
  2765 | D:3      | 2765 ||| READING scroll labelled HEJYAXEC AMEU.
  2766 | D:3      | 2766 ||| READING scroll labelled GUYVIE NAQO.
  2767 | D:3      | 2767 ||| READING scroll labelled YCZOP ITULOPN.
  2839 | D:3      | 2839 ||| DRINKING 2 fuming orange potions.
  2840 | D:3      | 2840 ||| DROPPING potion of lignification.
  2841 | D:3      | 2841 ||| DROPPING potion of attraction.
  3039 | D:4      | Found a blossoming altar of Fedhas.
  3064 | D:4      | Reached XP level 6. HP: 46/46 MP: 0/0
  3101 | D:4      | Reached skill level 3 in Dodging
  3106 | D:4      | HP: 3/46 [gnoll bouda/+0 whip (10)]
  3106 | D:4      | Slain by a gnoll

Levels and vault maps discovered:
D:1:      nicolae_arrival_somewhat_less_tricky_arrival, layout_basic,
          serial_shops, shop, minmay_misc_feat_five, minmay_misc_feat_plants
D:2:      layout_rooms, basic_altar, hellmonk_ecumenical_altar_watching_god
D:3:      layout_basic, mainiacjoe_sewer_entry_somewhere_in_here_2,
          serial_shops, nicolae_shop_pleasant_corner_grove, shop, shop, shop,
          nicolae_square_shop, st_stairs_13, chequers_serial_rivers_micro_b,
          minmay_randomly_rotated_circles
D:4:      layout_gridville, nicolae_overflow_crystal_walls,
          minmay_temple_entry_overgrown, minmay_misc_feat_cross

Skill      XL: |  1  2  3  4  5  6 |
---------------+-------------------+-----
Ranged Weapons | 4 |  4.8
Armour         | 1 |  1.0
Fighting       | 3 |  3.1
Dodging        | 3 |  3.2
Stealth        | |  0.7

Action                     |  1- 3 |  4- 6 || total
---------------------------+-------+-------++-------
   Fire: Shortbow          |    88 |    39 ||   127
         Arbalest          |       |    34 ||    34
    Use: Scroll            |     4 |     9 ||    13
         Potion            |       |     1 ||     1
 Armour: Leather armour    |     6 |    17 ||    23
         Ring mail         |     1 |    15 ||    16
  Dodge: Dodged            |    14 |    17 ||    31

Table legend:
 A = Non-vault XP
 B = Vault XP
 C = Vault XP percentage of total XP
 D = Non-vault monster count
 E = Vault monster count
 F = Vault count percentage of total count
                 A         B        C        D         E       F
            +---------+---------+-------+---------+---------+-------
      Total |     225 |      73 |  24.5 |      71 |      15 |  17.4
            +---------+---------+-------+---------+---------+-------
        D:1 |      40 |       0 |   0.0 |      25 |       0 |   0.0
        D:2 |      63 |       0 |   0.0 |      23 |       0 |   0.0
        D:3 |      71 |      73 |  50.7 |      14 |      15 |  51.7
        D:4 |      51 |       0 |   0.0 |       9 |       0 |   0.0
            +---------+---------+-------+---------+---------+-------
